 Dungeon Crawl Stone Soup version 0.30-a0-1074-g5db6f66fbb (webtiles) character file.

Game seed: 7828757724405513487

152 jimonade the Magician (level 5, -1/40 HPs)
             Began as a Djinni Warper on Apr 14, 2023.
             Slain by a hound (3 damage)
             ... on level 4 of the Dungeon.
             The game lasted 00:05:52 (2778 turns).

jimonade the Magician (Djinni Warper)               Turns: 2778, Time: 00:05:53

Health: -1/40      AC:  5    Str: 10    XL:     5   Next: 60%
Gold:   163        EV: 10    Int: 15    God:
                   SH:  0    Dex: 14

rFire   + + .      SeeInvis .    a - +0 falchion
rCold   x . .      Faith    .    (no shield)
rNeg    . . .      Spirit   .    e - +0 ring mail
rPois   ∞          Reflect  .    (no helmet)
rElec   .          Rampage  .    (no cloak)
rCorr   .                        (no gloves)
Will    .....                    (boots unavailable)
Stlth   +                        (no amulet)
HPRegen 0.26/turn                (no ring)
MPRegen 0.00/turn                (no ring)

@: flying
A: sickness immunity, fire resistance 2, cold vulnerability 1, float, innate
caster, HP casting, extra vitality 1
a: no special abilities


You were on level 4 of the Dungeon.
You visited 1 branch of the dungeon, and saw 4 of its levels.

You collected 163 gold pieces.

Inventory:

Hand Weapons
 a - a +0 falchion (weapon)
 i - a +0 mace
 n - a +2 heavy hand axe
 p - a +0 sling
 r - a +0 mace
 u - a +0 spear
 z - a +0 dagger of draining
Missiles
 c - 2 boomerangs
 d - 7 boomerangs of dispersal
 y - a throwing net
Armour
 b - a +0 leather armour
 e - a +0 ring mail (worn)
Scrolls
 f - 2 scrolls of magic mapping {unknown}
 g - 4 scrolls of identify {unknown}
 h - 4 scrolls of teleportation {unknown}
 m - a scroll of poison {unknown}
 o - a scroll of fear {unknown}
 s - a scroll of enchant armour {unknown}
 x - a scroll of amnesia {unknown}
Potions
 j - a potion of lignification {unknown}
 k - 2 potions of magic {unknown}
 l - 2 potions of might {unknown}
 q - a potion of degeneration {unknown}
 t - a potion of heal wounds {unknown}
 v - a potion of flight {unknown}
 w - 4 potions of curing {unknown}


   Skills:
 + Level 2.9 Fighting
 - Level 1.7 Long Blades
 - Level 0.7 Throwing
 - Level 1.0 Armour
 - Level 2.1 Dodging
 + Level 4.2 Spellcasting


You knew the following spells:

 Your Spells              Type           Power      Damage    Failure   Level
a - Blink                 Tloc           30%        N/A       12%         2
b - Lesser Beckoning      Tloc           30%        N/A       12%         2
c - Vhi's Electric Charg  Tloc/Air       30%        N/A       24%         3
d - Teleport Other        Tloc           15%        N/A       24%         3
e - Manifold Assault      Tloc           15%        N/A       61%         4
f - Magic Dart            Conj           60%        1d6       8%          1
g - Momentum Strike       Conj/Tloc      30%        3d8       12%         2
Your spell library was empty.

Dungeon Overview and Level Annotations

Branches:
Dungeon (4/15)
 Temple: D:4-7

Altars:

Annotations:
D:3 Grinder


Innate Abilities, Weirdness & Mutations

You are immune to sickness and miasma.
You are immune to poison.
Your flesh is very heat resistant. (rF++)
You are vulnerable to cold. (rC-)
You float through the air rather than walking.
You learn spells naturally, not from books.
Your magical power is your life essence.
You have superior vitality. (+4 MHP)


Message History

You closely miss the hound.
The hound is almost dead.
The hound bites you but does no damage. The hound barely misses you.
You closely miss the hound.
The hound is almost dead.
The hound bites you.
* * * LOW HITPOINT WARNING * * *
The hound bites you.
* * * LOW HITPOINT WARNING * * *
You closely miss the hound.
The hound is almost dead.
The hound bites you but does no damage.
You barely miss the hound.
The hound is almost dead.
The hound closely misses you. x2
You miss the hound.
The hound is almost dead.
The hound closely misses you.
The hound stops to sniff the ground.
The hound barely misses you.
You hit the hound but do no damage.
The hound is almost dead.
The hound misses you. The hound bites you but does no damage.
The quokka twitches its whiskers.
You barely miss the hound.
The hound is almost dead.
The hound bites you.
* * * LOW HITPOINT WARNING * * *
The hound closely misses you.
You hit the hound but do no damage.
The hound is almost dead.
The hound bites you.
* * * LOW HITPOINT WARNING * * *
You barely miss the hound.
The hound is almost dead.
The hound bites you but does no damage. x2
You closely miss the hound.
The hound is almost dead.
The hound bites you.
You die...

.#.#.#...
..#.#.. .<#.#.#
#.....###.
#.#.......
#<#...# #.'...+
###...#########
###rh@.......
#.#########
#..r....###
###g.......
#.#...... #.#
#####
#.........#
#.........#
#.........#


You could see a hound and a quokka.

Vanquished Creatures
  3 adders
  4 gnolls (D:2)
  2 worms
  3 dart slugs
  2 orcs (D:3)
  9 ball pythons
  2 bats (D:2)
  4 endoplasms
  4 giant cockroaches
  7 goblins
  7 hobgoblins
  4 quokkas
  6 frilled lizards
  5 kobolds
  10 rats
72 creatures vanquished.

Notes
Turn   | Place    | Note
-------+----------+-------------------------------------------
     0 | D:1      | jimonade the Djinni Warper began the quest for the Orb.
     0 | D:1      | jimonade set off with the following spells memorised:
                  | Blink, Lesser Beckoning, Vhi's Electric Charge, Teleport
                  | Other, Manifold Assault.
     0 | D:1      | Reached XP level 1. HP: 18/18 MP: 0/0
    79 | D:1      | Reached XP level 2. HP: 21/23 MP: 0/0
   156 | D:1      | Reached skill level 3 in Spellcasting
   351 | D:1      | Reached XP level 3. HP: 28/28 MP: 0/0
   351 | D:1      | Learned a level 1 spell: Magic Dart
  1038 | D:2      | Reached XP level 4. HP: 32/34 MP: 0/0
  1704 | D:2      | Reached XP level 5. HP: 10/39 MP: 0/0
  1704 | D:2      | Learned a level 2 spell: Momentum Strike
  1705 | D:2      | Reached skill level 4 in Spellcasting
  2438 | D:3      | Noticed Grinder
  2440 | D:3      | Paralysed by Grinder for 5 turns
  2770 | D:4      | HP: 2/40 [hound (4)]
  2775 | D:4      | HP: 2/40 [hound (1)]
  2778 | D:4      | Slain by a hound

Illustrated notes

Levels and vault maps discovered:
D:1:      spicycebolla_arrival_ecumenical, layout_loops_ring
D:2:      layout_basic, minmay_randomly_rotated_circles
D:3:      layout_loops_cross, uniq_grinder
D:4:      gammafunk_cloud_chamber, layout_basic,
          mainiacjoe_overflow_catwalk_spiral, amcnicky_mini_pool_small,
          minmay_vboxes

Skill      XL: |  1  2  3  4  5 |
---------------+----------------+-----
Spellcasting   | 3 4 |  4.2
Fighting       | |  2.9
Long Blades    | |  1.7
Throwing       | |  0.7
Armour         | |  1.0
Dodging        | |  2.1

Action                     |  1- 3 |  4- 6 || total
---------------------------+-------+-------++-------
  Melee: Falchion          |    66 |    60 ||   126
         Punch             |       |     2 ||     2
   Cast: Magic Dart        |    27 |    78 ||   105
         Momentum Strike   |       |     3 ||     3
    Use: Scroll            |       |     1 ||     1
 Armour: Ring mail         |    28 |    30 ||    58
         Leather armour    |     1 |       ||     1
  Dodge: Dodged            |    34 |    58 ||    92

Table legend: (Time is in decaauts)
 A = Elapsed time spent in this place.
 B = Non-inter-level travel time spent in this place.
 C = Inter-level travel time spent in this place.
 D = Time resting spent in this place.
 E = Time spent auto-exploring this place.
 F = Levels seen in this place.
 G = Mean time per level.
                   A        B        C        D        E       F      G
               +--------+--------+--------+--------+--------+-----+--------+
         Total |   2809 |   2748 |     61 |    176 |   1836 |   4 |  702.2 |
       Dungeon |   2809 |   2748 |     61 |    176 |   1836 |   4 |  702.2 |
               +--------+--------+--------+--------+--------+-----+--------+

Top non-repeatable levels by time:
     D:2: 1282 daAuts
     D:1: 781 daAuts
     D:3: 691 daAuts
     D:4: 53 daAuts
